 Dungeon Crawl Stone Soup version 0.24-a0-640-ge7cd8ce796 (webtiles) character file.

Game seed: 1420972374051086891, levelgen mode: deterministic

6168 DasRunzen the Protected (level 10, -2/93 HPs)
             Began as a Minotaur Fighter on Sept 24, 2019.
             Was a High Priest of Okawaru.
             Slain by a wolf (6 damage)
             ... on level 1 of the Lair of Beasts.
             The game lasted 00:15:06 (7443 turns).

DasRunzen the Protected (Minotaur Fighter)          Turns: 7443, Time: 00:15:06

Health: -2/93      AC:  9    Str: 22    XL:     10   Next: 60%
Magic:  13/13      EV: 11    Int:  5    God:    Okawaru [*****.]
Gold:   174        SH:  0    Dex: 12    Spells: 9/9 levels left

rFire    . . .     SeeInvis .   g - +9 triple sword of Dust {freeze, rF+}
rCold    + . .     Gourm    .   (shield currently unavailable)
rNeg     . . .     Faith    .   b - +0 scale mail
rPois    .         Spirit   .   (helmet restricted)
rElec    .         Reflect  .   (no cloak)
rCorr    .         Harm     +   q - +2 pair of gloves
MR       .....     Clarity  +   (no boots)
Stlth    ..........             i - amulet of harm
HPRegen  0.25/turn              z - ring of ice
MPRegen  0.13/turn              (no ring)

@: no status effects
A: retaliatory headbutt, horns 2, rugged brown scales 1, clarity, deformed body
a: Heroism, Finesse, Renounce Religion


You were on level 1 of the Lair of Beasts.
You worshipped Okawaru.
Okawaru was extremely pleased with you.
You were not hungry.

You visited 3 branches of the dungeon, and saw 10 of its levels.
You also visited: Sewer and Ossuary.

You collected 549 gold pieces.
You spent 375 gold pieces at shops.

Inventory:

Hand Weapons
 a - a +0 war axe
 g - the +9 triple sword of Dust (weapon) {freeze, rF+}
   (You bought it in a shop on level 4 of the Dungeon)

   It has been specially enchanted to freeze those struck by it, causing extra
   injury to most foes and up to half again as much damage against particularly
   susceptible opponents.
   It can also slow down cold-blooded creatures.
   It protects you from fire.
Armour
 b - a +0 scale mail (worn)
 c - a +5 shield
 q - a +2 pair of gloves (worn)
Jewellery
 i - an amulet of harm (around neck)
 m - an uncursed amulet of the gourmand {unknown}
 z - a ring of ice (left hand)
 A - an uncursed amulet of guardian spirit {unknown}
Wands
 l - a wand of random effects (15)
 s - a wand of polymorph (4)
 C - a wand of scattershot (4)
 D - a wand of flame (20)
Scrolls
 e - 4 scrolls of teleportation
 p - 2 scrolls of blinking
 r - 8 scrolls of remove curse
 x - a scroll of fog
Potions
 d - 10 potions of might
 h - 3 potions of ambrosia
 j - 4 potions of heal wounds
 k - a potion of agility
 n - a potion of lignification
 o - 5 potions of haste
 t - 2 potions of flight
 u - 2 potions of curing
 v - 2 potions of berserk rage {unknown}
 w - 2 potions of cancellation {unknown}
 E - a potion of magic {unknown}
Comestibles
 f - 17 rations


   Skills:
 + Level 9.4 Fighting
 + Level 3.7 Long Blades
 - Level 8.2 Axes
 + Level 9.4 Armour
 + Level 2.8 Dodging
 + Level 9.4 Shields
 + Level 6.2 Invocations


You had 9 spell levels left.
You didn't know any spells.
Your spell library contained the following spells:

 Spells                   Type           Power        Failure   Level  Hunger
 Infusion                 Chrm           #...         75%         1    ##.....
 Magic Dart               Conj           #...         75%         1    ##.....
 Blink                    Tloc           N/A          87%         2    ###....
 Call Imp                 Summ           #.......     87%         2    ###....
 Shroud of Golubria       Chrm/Tloc      #.....       87%         2    ###....
 Slow                     Hex            #.......     87%         2    ###....
 Song of Slaying          Chrm           #.......     87%         2    ###....
 Conjure Flame            Conj/Fire      #.......     98%         3    ####...
 Mephitic Cloud           Conj/Pois/Air  #.......     98%         3    ####...
 Regeneration             Chrm/Necr      #.........   98%         3    ####...
 Spectral Weapon          Hex/Chrm       #.......     98%         3    ####...


Dungeon Overview and Level Annotations

Branches:
Dungeon (8/15)             Temple (1/1) D:4            Lair (1/6) D:8
  Sewer (visited)         Ossuary (visited)

Altars:
Ashenzari
Cheibriados
Dithmenos
Elyvilon
Fedhas
Gozag
Hepliaklqana
Kikubaaqudgha
Makhleb
Nemelex Xobeh
Okawaru
Qazlal
Ru
Sif Muna
Trog
Uskayaw
Vehumet
Wu Jian
Xom
Yredelemnul
Zin
The Shining One

Shops:
D:4 (?*   D:6 (%=}


Innate Abilities, Weirdness & Mutations

You reflexively headbutt those who attack you in melee.
You have a pair of horns on your head.
You are partially covered in rugged brown scales. (AC +1, +3% HP)
You possess an exceptional clarity of mind.
Armour fits poorly on your strangely shaped body.


Message History

You slash the wolf! You freeze the wolf.
The wolf is almost dead.
The wolf barely misses you.
You riposte.
You barely miss the wolf. You headbutt the wolf.
You kill the wolf!
Okawaru accepts your kill. The wolf completely misses you.
You slash the wolf! You freeze the wolf.
The wolf is almost dead.
The wolf bites you.
* * * LOW HITPOINT WARNING * * *
The wolf bites you.
* * * LOW HITPOINT WARNING * * *
The wolf bites you.
* * * LOW HITPOINT WARNING * * *
You slice the wolf!! You freeze the wolf.
You kill the wolf!
Okawaru accepts your kill. The wolf bites you.
You die...

...#######...##
.### ##..## .#
#...# .......
## ##..#
....... #
#...## ..>....
# ###..# ..h..
#.†.# ..ht .
###.###hh##..#
#..@#......#
#..#h......#
##..#.......
#..#.......
##......... #
#......... #
#......... #
##........ #
.#.....


You could see a wolf.

Vanquished Creatures
  The ghost of bmj180 the Cleaver, a novice HOFi (D:6)
  A spiny frog (Lair:1)
  Prince Ribbit (D:5)
  Grinder (Sewer)
  A hippogriff (Lair:1)
  2 wargs (D:8)
  3 porcupines (Lair:1)
  Duvessa (D:6)
  3 orc warriors
  A phantom (D:6)
  4 ogres
  10 wolves (Lair:1)
  A crocodile (Lair:1)
  Blork the orc (D:4)
  2 big kobolds (Sewer)
  6 bullfrogs
  Dowan (D:6)
  A water moccasin skeleton (D:8)
  3 scorpions
  An electric eel (Lair:1)
  2 crimson imps
  A quasit (Sewer)
  A bullfrog zombie (D:7)
  3 hounds
  2 human zombies (Ossuary)
  2 jellies (D:7)
  7 orc priests
  Terence (D:3)
  2 centaur skeletons
  10 orc wizards
  Ijyb (D:5)
  2 iguanas (D:7)
  Natasha (thrice) (D:3)
  6 worker ants
  3 big kobold zombies
  2 mummies (Ossuary)
  A howler monkey zombie (D:5)
  4 gnolls (D:6)
  11 adders
  7 shadow imps
  3 ufetubi (Sewer)
  2 oozes
  3 adder zombies
  3 worms
  2 dart slugs
  4 leopard geckos
  31 orcs
  A ball python (D:1)
  A bat zombie (Sewer)
  4 giant cockroaches
  8 goblins
  6 hobgoblins
  8 jackals
  16 kobolds
  A quokka (D:2)
  8 bats
  A goblin zombie (Ossuary)
  12 hobgoblin zombies (Ossuary)
  3 jackal zombies (Ossuary)
  11 kobold zombies
  7 orc zombies (Ossuary)
  6 rats
257 creatures vanquished.

Notes
Turn   | Place    | Note
-------+----------+-------------------------------------------
     0 | D:1      | DasRunzen the Minotaur Fighter began the quest for the Orb.
     0 | D:1      | Reached XP level 1. HP: 19/19 MP: 0/0
   213 | D:1      | Reached XP level 2. HP: 24/27 MP: 1/1
   586 | D:2      | Found a bloodstained altar of Trog.
   681 | D:2      | Reached XP level 3. HP: 31/33 MP: 2/2
  1116 | D:2      | Gained mutation: Armour fits poorly on your strangely
                  | shaped body. [potion of mutation]
  1116 | D:2      | Gained mutation: You possess an exceptional clarity of
                  | mind. [potion of mutation]
  1116 | D:2      | Gained mutation: You are agile. (Dex +2) [potion of
                  | mutation]
  1117 | D:2      | Lost mutation: You are agile. (Dex +2) [potion of mutation]
  1117 | D:2      | Lost mutation: You possess an exceptional clarity of mind.
                  | [potion of mutation]
  1117 | D:2      | Gained mutation: You possess an exceptional clarity of
                  | mind. [potion of mutation]
  1117 | D:2      | Gained mutation: You are partially covered in rugged brown
                  | scales. (AC +1, +3% HP) [potion of mutation]
  1175 | D:3      | Found a shattered altar of Ashenzari.
  1214 | D:3      | Reached XP level 4. HP: 41/41 MP: 3/3
  1326 | D:3      | Noticed Natasha
  1337 | D:3      | Killed Natasha
  1420 | D:3      | Reached XP level 5. HP: 39/48 MP: 4/4
  1439 | D:3      | Noticed Natasha
  1446 | D:3      | Killed Natasha
  1594 | D:3      | Noticed Terence
  1603 | D:3      | Killed Terence
  1732 | D:3      | Noticed Natasha
  1740 | D:3      | Killed Natasha
  1740 | D:3      | Reached skill level 5 in Armour
  1740 | D:3      | Reached skill level 5 in Shields
  1940 | D:4      | Reached skill level 5 in Fighting
  2037 | D:4      | Found Asodghim's Magic Scroll Shop.
  2079 | D:4      | Reached XP level 6. HP: 40/57 MP: 5/5
  2119 | D:4      | Noticed Blork the orc
  2127 | D:4      | Killed Blork the orc
  2324 | D:4      | Found Atwan's General Store.
  2366 | D:4      | Found a staircase to the Ecumenical Temple.
  2384 | Temple   | Entered the Ecumenical Temple
  2396 | Temple   | Became a worshipper of Warmaster Okawaru
  2688 | D:4      | Found Lidwaw's Antique Weapon Emporium.
  3042 | D:4      | Found a shimmering blue altar of Sif Muna.
  3077 | D:5      | Entered Level 5 of the Dungeon
  3143 | D:5      | Reached skill level 1 in Invocations
  3143 | D:5      | Reached XP level 7. HP: 25/63 MP: 6/6
  3503 | D:5      | Reached * piety under Okawaru
  3503 | D:5      | Reached skill level 5 in Axes
  3912 | D:5      | Noticed Prince Ribbit
  3924 | D:5      | Killed Prince Ribbit
  3988 | D:5      | Reached XP level 8. HP: 55/73 MP: 8/8
  4044 | D:5      | Noticed Ijyb
  4062 | D:5      | Killed Ijyb
  4250 | D:6      | Found a sand-covered staircase.
  4255 | Ossuary  | Entered an ossuary
  4500 | D:6      | Found a glowing drain.
  4524 | Sewer    | Entered a sewer
  4660 | Sewer    | Found a burning altar of Makhleb.
  4674 | Sewer    | Reached ** piety under Okawaru
  4680 | Sewer    | Noticed Grinder
  4697 | Sewer    | Killed Grinder
  4911 | D:6      | Noticed Dowan
  4912 | D:6      | Noticed Duvessa
  4918 | D:6      | Killed Duvessa
  4926 | D:6      | Killed Dowan
  4972 | D:6      | Found an opulent altar of Gozag.
  5044 | D:6      | Found a runed translucent door.
  5046 | D:6      | Noticed bmj180's ghost (novice HOFi)
  5052 | D:6      | Found Anioniug's Weapon Emporium.
  5070 | D:6      | Reached XP level 9. HP: 78/81 MP: 9/11
  5096 | D:6      | Found Bidit's Jewellery Shoppe.
  5136 | D:6      | Found a stormy altar of Qazlal.
  5219 | D:6      | Found a shimmering altar of Xom.
  5226 | D:6      | Reached *** piety under Okawaru
  5243 | D:6      | Found Agucw's Food Boutique.
  5360 | D:6      | Found Ockyanof's Gadget Shoppe.
  5746 | D:6      | Killed bmj180's ghost
  5746 | D:6      | Reached **** piety under Okawaru
  5817 | D:7      | Reached skill level 5 in Invocations
  5945 | D:4      | Bought a dazzling triple sword for 375 gold pieces
  5950 | D:4      | Identified the +9 triple sword of Dust {freeze, rF+} (You
                  | bought it in a shop on level 4 of the Dungeon)
  6188 | D:7      | Reached skill level 1 in Long Blades
  6237 | D:7      | Found a glowing silver altar of Zin.
  6238 | D:7      | Noticed an angel
  6574 | D:8      | Reached XP level 10. HP: 90/92 MP: 13/13
  6586 | D:8      | Found a stormy altar of Qazlal.
  6699 | D:8      | Found a basalt altar of Yredelemnul.
  6703 | D:8      | Found a staircase to the Lair.
  6921 | D:8      | Reached skill level 1 in Dodging
  7135 | Lair:1   | Entered Level 1 of the Lair of Beasts
  7410 | Lair:1   | Reached ***** piety under Okawaru
  7425 | Lair:1   | Noticed a spiny frog
  7434 | Lair:1   | Killed a spiny frog
  7442 | Lair:1   | HP: 3/93 [wolf (4)]
  7443 | Lair:1   | Slain by a wolf

Levels and vault maps discovered:
D:1:      dpeg_arrival_simpleton_a, layout_basic, minmay_misc_feat_pillars,
          hangedman_decor_lopped
D:2:      layout_loops_ring, lightli_temple_of_fire
D:3:      layout_loops_ring, evilmike_ruin_ashenzari, uniq_terence, uniq_natasha
D:4:      layout_loops_ring, led_sif_pool, minmay_temple_entry_glassed_door,
          first_ration, serial_shops, shop, nicolae_shop_stone, shop,
          minmay_door_square, minmay_misc_feat_more_columns, uniq_blork_the_orc
D:5:      layout_rooms, minmay_increasing_density, uniq_ijyb,
          uniq_prince_ribbit1
D:6:      layout_loops_corners, kennysheep_mini, lemuel_round_altar,
          kennysheep_little_box, portal_sewer_entry_d, ebering_ghost_sewer_d,
          serial_shops, shop, shop_fountains, nicolae_shop_window_shopping,
          shop, enter_ossuary_5, uniq_duvessa
D:7:      layout_loops_cross, zin_angel
D:8:      layout_basic, yredelemnul_altar_generic, erik_lair_orcish_takeover,
          basic_altar
Temple:   eino_temple_water
Lair:1:   layout_cave_pods, st_stairs_5, serial_bayou_shore_a

Skill      XL: |  1  2  3  4  5  6  7  8  9 10 |
---------------+-------------------------------+-----
Armour         | 4 5 6 7 8 9 |  9.4
Fighting       | 4 5 6 7 8 9 |  9.4
Axes           | 3 4 5 6 8 |  8.2
Shields        | 4 5 6 7 8 9 |  9.4
Invocations    | 1 2 4 5 6 |  6.2
Long Blades    | 1 3 |  3.7
Dodging        | 2 |  2.8

Action                   |  1- 3 |  4- 6 |  7- 9 | 10-12 || total
-------------------------+-------+-------+-------+-------++-------
Melee: War axe           |    84 |   109 |   355 |       ||   548
       Headbutt          |    13 |    23 |    65 |     8 ||   109
       Unarmed           |       |       |     2 |       ||     2
       Triple sword      |       |       |    23 |    55 ||    78
Invok: Heroism           |       |       |     1 |       ||     1
  Use: Scroll            |     4 |     7 |    11 |     2 ||    24
       Potion            |     2 |       |       |       ||     2
  Eat: Chunk             |       |     7 |    12 |     3 ||    22
Armor: Scale mail        |    39 |    29 |    94 |    28 ||   190
Dodge: Dodged            |    21 |    23 |    79 |    43 ||   166
Block: Shield            |    44 |    77 |   244 |       ||   365
       Rpst.: Triple sword |       |       |     1 |     7 ||     8

Table legend:
 A = Non-vault XP
 B = Vault XP
 C = Vault XP percentage of total XP
 D = Non-vault monster count
 E = Vault monster count
 F = Vault count percentage of total count
                 A         B        C        D         E       F
            +---------+---------+-------+---------+---------+-------
      Total |    5103 |    3709 |  42.1 |     156 |     101 |  39.3
            +---------+---------+-------+---------+---------+-------
        D:1 |      29 |       0 |   0.0 |      16 |       0 |   0.0
        D:2 |      63 |       0 |   0.0 |      22 |       0 |   0.0
        D:3 |     144 |      75 |  34.2 |      15 |       2 |  11.8
        D:4 |     195 |      94 |  32.5 |       8 |       1 |  11.1
        D:5 |     531 |     416 |  43.9 |      29 |       7 |  19.4
        D:6 |     711 |    1230 |  63.4 |      19 |       7 |  26.9
        D:7 |     794 |       0 |   0.0 |      18 |       0 |   0.0
        D:8 |     553 |     649 |  54.0 |      12 |       9 |  42.9
     Lair:1 |    2083 |     370 |  15.1 |      17 |       1 |   5.6
      Sewer |       0 |     666 | 100.0 |       0 |      35 | 100.0
    Ossuary |       0 |     209 | 100.0 |       0 |      39 | 100.0
            +---------+---------+-------+---------+---------+-------
